 Dungeon Crawl Stone Soup version 0.30-a0-1074-g5db6f66fbb (webtiles) character file.

Game seed: 16180076245130163031

14437 Ic0nGaming the Slicer (level 12, -8/72 HPs)
             Began as a Kobold Fighter on Apr 14, 2023.
             Was an Elder of Okawaru.
             Mangled by a stone giant (35 damage)
             ... on level 10 of the Dungeon.
             The game lasted 00:24:42 (10822 turns).

Ic0nGaming the Slicer (Kobold Fighter)             Turns: 10822, Time: 00:24:42

Health: -8/72      AC:  8    Str: 14    XL:     12   Next: 45%
Magic:  15/16      EV: 27    Int: 12    God:    Okawaru [****..]
Gold:   491        SH:  6    Dex: 19    Spells: 11/11 levels left

rFire   . . .      SeeInvis +    a - +2 rapier
rCold   + + .      Faith    .    c - +0 buckler
rNeg    + + .      Spirit   .    B - +2 leather armour of True Grit {+Inv rPois rF- Will++}
rPois   +          Reflect  .    A - +0 hat {SInv}
rElec   .          Rampage  .    f - scarf {rC+ rF+}
rCorr   .                        x - +0 pair of gloves
Will    +++..                    n - +0 pair of boots
Stlth   +++++++                  h - amulet of regeneration
HPRegen 1.12/turn                y - ring of the Devil's Team {rC+ rN++ Will+ Int+3}
MPRegen 0.15/turn                e - ring of flight

@: mighty, heroic, flying
A: small, no large weapons, nightstalker 3
a: Renounce Religion, Evoke Invisibility, Heroism, Finesse


You were on level 10 of the Dungeon.
You worshipped Okawaru.
Okawaru was greatly pleased with you.
You visited 2 branches of the dungeon, and saw 11 of its levels.
You also visited: Bailey.

You collected 675 gold pieces.
You spent 184 gold pieces at shops.

Inventory:

Hand Weapons
 a - a +2 rapier (weapon)
 b - a +2 dagger of venom
Missiles
 v - a curare-tipped dart (quivered)
 z - 3 throwing nets
Armour
 c - a +0 buckler (worn)
 f - a scarf of resistance (worn)
 n - a +0 pair of boots (worn)
 p - a +1 ring mail of fire resistance
 x - a +0 pair of gloves (worn)
 A - a +0 hat of see invisible (worn)
 B - the +2 leather armour of True Grit (worn) {+Inv rPois rF- Will++}
   (You bought it in a shop on level 8 of the Dungeon)

   rF:        It makes you vulnerable to fire.
   rPois:     It protects you from poison.
   +Inv:      It lets you turn invisible.
   Will:      It greatly increases your willpower.
Jewellery
 e - a ring of flight (right hand)
 h - an amulet of regeneration (around neck)
 l - a +6 ring of dexterity
 y - the ring of the Devil's Team (left hand) {rC+ rN++ Will+ Int+3}
   (You found it on level 6 of the Dungeon)

   [ring of protection from cold]

   Int:       It affects your intelligence (+3).
   rC:        It protects you from cold.
   rN:        It greatly protects you from negative energy.
   Will:      It increases your willpower.
Wands
 o - a wand of quicksilver (15)
 u - a wand of digging (5)
 D - a wand of flame (13)
Scrolls
 d - 4 scrolls of teleportation
 t - 2 scrolls of magic mapping
 w - 3 scrolls of fog
 E - a scroll of blinking
 F - a scroll of fear
Potions
 g - 4 potions of attraction
 i - 2 potions of brilliance {unknown}
 j - 3 potions of flight
 k - a potion of berserk rage {unknown}
 m - 2 potions of haste {unknown}
 q - 4 potions of curing
 r - 3 potions of might
 s - a potion of heal wounds
 C - 3 potions of magic {unknown}


   Skills:
 - Level 7.1(12.1) Fighting
 - Level 14.0(19.0) Short Blades
 - Level 2.4(7.4) Armour
 + Level 13.7(18.7) Dodging
 + Level 11.2(16.2) Stealth
 - Level 2.4(7.4) Shields
 - Level 6.3 Invocations


You had 11 spell levels left.
You didn't know any spells.
Your spell library contained the following spells:

 Spells                   Type           Power      Damage    Failure   Level
 Slow                     Hex            0%         N/A       50%         1
 Confusing Touch          Hex            0%         N/A       86%         3
 Vampiric Draining        Necr           0%         2d6       86%         3
 Anguish                  Hex/Necr       0%         N/A       99%         4
 Cause Fear               Hex            0%         N/A       99%         4
 Enfeeble                 Hex            0%         N/A       100%        7


Dungeon Overview and Level Annotations

Branches:
Dungeon (10/15)            Temple (1/1) D:5          Bailey (visited)
   Lair: D:8-11         Orc: D:9-12

Altars:
Ashenzari
Cheibriados
Dithmenos
Elyvilon
Fedhas
Gozag
Hepliaklqana
Kikubaaqudgha
Makhleb
Nemelex Xobeh
Okawaru
Qazlal
Ru
Sif Muna
Trog
Uskayaw
Vehumet
Wu Jian
Xom
Yredelemnul
Zin
The Shining One

Shops:
D:8 *   D:9 [

Annotations:
D:8 3 runed translucent doors
D:9 2 transporters, NoOffense's ghost, journeyman TrMo


Innate Abilities, Weirdness & Mutations

You are small and have problems with some larger weapons.
You are completely attuned to the shadows.


Message History

You hit the cyclops but do no damage.
The cyclops is severely wounded.
You barely miss the cyclops.
The cyclops is severely wounded.
The cyclops hits you!!
You completely miss the cyclops.
The cyclops is severely wounded.
You hit the cyclops.
The cyclops is severely wounded.
You puncture the cyclops!
The cyclops is almost dead.
The cyclops barely misses you.
You hit the cyclops.
The cyclops is almost dead.
You hit the cyclops.
You kill the cyclops!
Okawaru accepts your kill.
You start resting.
You feel like a meek peon again.
You start resting.
HP restored.
You gain the combat prowess of a mighty hero.
You reach down and open the door.
The stone giant shouts!
The stone giant throws a large rock.
The large rock hits you!!
Found 14 gold pieces and a runed plate armour.
There is an open door here.
There is an open door here.
You start resting.
A stone giant is nearby!
You feel very mighty all of a sudden.
The stone giant throws a large rock.
The large rock completely misses you.
The stone giant throws a large rock.
The large rock hits you!!
There is an open door, spattered with blood here.
The stone giant completely misses you.
You hit the stone giant but do no damage.
The stone giant hits you!
* * * LOW HITPOINT WARNING * * *
You feel much better. The stone giant hits you!!
You die...

##### .##.# ..#.##
.....# .....##
......##############
......##...#...#...#
......##.†.'.†.'@C.#
.#####.#...#...#...#
.# ##..##'#######'##
####...#...#?.[#...#
##....##...#...C.(.#
#.....##...#:.$#...#
....#####'#######+##
.....###...#...#
.....#.#...'...#


You could see a stone giant.

Vanquished Creatures
  Gastronok (D:8)
  Josephine (D:10)
  2 vault guards (Bailey)
  Erica (D:8)
  A two-headed ogre (D:7)
  Pikel (D:8)
  A harpy (shapeshifter) (D:10)
  A cyclops (D:10)
  A manticore (D:10)
  A gargoyle (D:8)
  A troll (D:10)
  Prince Ribbit (Bailey)
  A hornet (shapeshifter) (D:10)
  A shadow (D:9)
  A slime creature (D:10)
  2 wyverns
  8 humans
  A basilisk (D:10)
  5 wraiths
  5 vampire mosquitoes (D:10)
  An acid dragon (D:10)
  3 ice beasts
  2 black bears
  2 sky beasts
  7 orc warriors
  An ogre (D:5)
  3 centaurs
  Blork the orc (D:6)
  4 gnoll sergeants
  6 scorpions
  11 bullfrogs
  3 wights (D:9)
  6 killer bees (D:9)
  A howler monkey (D:8)
  7 orc priests
  A hound (D:5)
  2 jellies (D:5)
  2 sleepcaps
  Jessica (D:2)
  Natasha (D:3)
  4 iguanas
  8 orc wizards
  Terence (D:2)
  Robin (D:2)
  18 gnolls
  5 adders
  3 white imps
  A worm (D:2)
  2 dart slugs
  44 orcs
  6 ball pythons
  6 endoplasms
  4 giant cockroaches
  25 goblins
  10 hobgoblins
  4 jackals
  2 quokkas (D:2)
  4 bats
  3 frilled lizards
  3 kobolds
  4 rats
260 creatures vanquished.

Notes
Turn   | Place    | Note
-------+----------+-------------------------------------------
     0 | D:1      | Ic0nGaming the Kobold Fighter began the quest for the Orb.
     0 | D:1      | Reached XP level 1. HP: 14/14 MP: 1/1
    77 | D:1      | Reached skill level 3 in Short Blades
   235 | D:1      | Reached XP level 2. HP: 19/19 MP: 2/2
   340 | D:1      | Reached skill level 4 in Short Blades
   858 | D:2      | Reached XP level 3. HP: 23/23 MP: 3/3
   980 | D:2      | Reached skill level 5 in Short Blades
  1060 | D:2      | Noticed Jessica
  1063 | D:2      | Killed Jessica
  1063 | D:2      | Noticed Robin
  1064 | D:2      | Reached XP level 4. HP: 28/28 MP: 4/4
  1069 | D:2      | Killed Robin
  1070 | D:2      | Reached skill level 6 in Short Blades
  1186 | D:2      | Found a basalt altar of Yredelemnul.
  1194 | D:2      | Reached XP level 5. HP: 29/32 MP: 5/5
  1451 | D:2      | Noticed Terence
  1464 | D:2      | Killed Terence
  1744 | D:3      | Reached skill level 7 in Short Blades
  2111 | D:3      | Noticed Natasha
  2121 | D:3      | Killed Natasha
  2122 | D:3      | Reached skill level 1 in Stealth
  2826 | D:4      | Reached XP level 6. HP: 34/38 MP: 6/6
  3400 | D:4      | Identified the +1 dagger "Quph" {freeze, rF+}
  3483 | D:4      | Reached skill level 5 in Fighting
  3483 | D:4      | Reached XP level 7. HP: 44/44 MP: 7/7
  3578 | D:5      | Entered Level 5 of the Dungeon
  3940 | D:5      | Reached skill level 5 in Stealth
  3940 | D:5      | Reached XP level 8. HP: 52/52 MP: 8/8
  4399 | D:5      | Found a staircase to the Ecumenical Temple.
  4422 | Temple   | Entered the Ecumenical Temple
  4617 | Temple   | Became a worshipper of Warmaster Okawaru
  4668 | D:5      | Reached skill level 8 in Short Blades
  5071 | D:6      | Noticed Blork the orc
  5081 | D:6      | Killed Blork the orc
  5082 | D:6      | Reached skill level 9 in Short Blades
  5422 | D:6      | Reached skill level 10 in Short Blades
  5429 | D:6      | Reached XP level 9. HP: 57/57 MP: 9/9
  5643 | D:6      | Reached skill level 1 in Dodging
  5663 | D:6      | Identified the ring of the Devil's Team {rC+ rN++ Will+
                  | Int+3}
  6242 | D:7      | Found a hazy altar of Hepliaklqana.
  6566 | D:7      | Noticed a two-headed ogre
  6601 | D:7      | Reached * piety under Okawaru
  6629 | D:7      | Killed a two-headed ogre
  6677 | D:7      | Reached skill level 11 in Short Blades
  6800 | D:7      | Reached ** piety under Okawaru
  6927 | D:8      | Found Uloff's Assorted Antiques.
  6932 | D:8      | Bought a scroll labelled PUW NUMUSKU for 23 gold pieces
  6932 | D:8      | Bought a shimmering leather armour for 161 gold pieces
  6932 | D:8      | Identified the +2 leather armour of True Grit {+Inv rPois
                  | rF- Will++} (You bought it in a shop on level 8 of the
                  | Dungeon)
  7025 | D:8      | Found a flagged portal.
  7037 | Bailey   | Entered a bailey
  7066 | Bailey   | Reached skill level 12 in Short Blades
  7066 | Bailey   | Reached XP level 10. HP: 29/63 MP: 11/14
  7203 | Bailey   | Reached skill level 13 in Short Blades
  7241 | Bailey   | Noticed a vault guard
  7281 | Bailey   | Killed a vault guard
  7281 | Bailey   | Reached *** piety under Okawaru
  7282 | Bailey   | Reached skill level 5 in Dodging
  7329 | Bailey   | Noticed Prince Ribbit
  7330 | Bailey   | Noticed a vault guard
  7346 | Bailey   | Killed Prince Ribbit
  7378 | Bailey   | Killed a vault guard
  7378 | Bailey   | Reached **** piety under Okawaru
  7379 | Bailey   | Reached skill level 14 in Short Blades
  7546 | Bailey   | Reached XP level 11. HP: 40/67 MP: 15/15
  7679 | D:8      | Noticed Gastronok
  7691 | D:8      | Killed Gastronok
  7691 | D:8      | Reached ***** piety under Okawaru
  7692 | D:8      | Reached skill level 10 in Dodging
  7788 | D:8      | Found a glowing golden altar of the Shining One.
  7928 | D:8      | Noticed Pikel
  7952 | D:8      | Killed Pikel
  8003 | D:8      | Found a runed translucent gate.
  8003 | D:8      | Found a runed translucent gate.
  8003 | D:8      | Found a runed translucent gate.
  8177 | D:8      | Received a gift from Okawaru
  8599 | D:8      | Noticed Erica
  8603 | D:8      | Killed Erica
  8869 | D:9      | Found a transporter.
  8941 | D:9      | Found Xaadu's Armour Emporium.
  9181 | D:9      | Noticed NoOffense's ghost (journeyman TrMo)
  9216 | D:9      | Found a shadowy altar of Dithmenos.
  9319 | D:9      | Found a transporter.
  9339 | D:9      | Found a sparkling altar of Nemelex Xobeh.
  9828 | D:10     | Entered Level 10 of the Dungeon
  9892 | D:10     | Noticed Josephine
  9894 | D:10     | Killed Josephine
  9895 | D:10     | Reached XP level 12. HP: 72/72 MP: 16/16
 10386 | D:10     | Reached skill level 10 in Stealth
 10609 | D:10     | Noticed a stone giant
 10822 | D:10     | Mangled by a stone giant

Illustrated notes

Levels and vault maps discovered:
D:1:      dpeg_arrival_pits, layout_basic, serial_bayou_lake_a
D:2:      layout_loops_ring, basic_altar, uniq_terence, uniq_jessica, uniq_robin
D:3:      layout_loops_corners, skrybe_limestone_x, uniq_natasha
D:4:      layout_basic
D:5:      layout_basic, temple_fountains
D:6:      layout_loops_corners, uniq_blork_the_orc
D:7:      layout_gridville, nicolae_overflow_hidden_temple, moated_statue
D:8:      layout_gridville, tso_metal_star, gammafunk_ghost_necromancy,
          enter_bailey_3, serial_shops, shop, uniq_pikel, uniq_erica,
          uniq_gastronok
D:9:      layout_irregular_city, nicolae_dithmenos_the_darkroom,
          kennysheep_little_box, gammafunk_ghost_hive, serial_shops, shop
D:10:     layout_cave_pools, erik_orc_4, minmay_evil_grid, uniq_josephine
Temple:   eino_narrow_crystal_temple

Skill      XL: |  1  2  3  4  5  6  7  8  9 10 11 12 |
---------------+-------------------------------------+-----
Short Blades   | 3 4 5 6 7 10 12 14 | 14.0
Stealth        | 1 3 5 8 11 | 11.2
Fighting       | 4 5 6 7 |  7.1
Dodging        | 2 8 12 13 | 13.7
Invocations    | 6 |  6.3
Armour         | |  2.4
Shields        | |  2.4

Action                     |  1- 3 |  4- 6 |  7- 9 | 10-12 || total
---------------------------+-------+-------+-------+-------++-------
  Melee: Rapier            |    81 |    26 |   102 |   597 ||   806
         Dagger            |       |   106 |   155 |   115 ||   376
  Throw: Dart              |       |       |     4 |     2 ||     6
 Invoke: Heroism           |       |       |     1 |    18 ||    19
  Evoke: Wand              |       |       |       |     1 ||     1
    Use: Scroll            |     2 |     4 |     7 |     6 ||    19
         Potion            |     1 |       |     1 |     5 ||     7
   Stab: Sleeping          |       |    10 |    20 |    18 ||    48
         Distracted        |       |     1 |     1 |     1 ||     3
 Armour: Scale mail        |    40 |    17 |       |       ||    57
         Ring mail         |       |    17 |    58 |       ||    75
         Leather armour    |       |       |     3 |    62 ||    65
  Dodge: Dodged            |    49 |    47 |    90 |   516 ||   702
  Block: Buckler           |    26 |    27 |    51 |   155 ||   259

Table legend: (Time is in decaauts)
 A = Elapsed time spent in this place.
 B = Non-inter-level travel time spent in this place.
 C = Inter-level travel time spent in this place.
 D = Time resting spent in this place.
 E = Time spent auto-exploring this place.
 F = Levels seen in this place.
 G = Mean time per level.
                   A        B        C        D        E       F      G
               +--------+--------+--------+--------+--------+-----+--------+
         Total |  10389 |  10106 |    283 |    847 |   7125 |  12 |  865.8 |
       Dungeon |   9670 |   9395 |    275 |    790 |   6847 |  10 |  967.0 |
        Temple |    203 |    195 |      8 |      0 |    169 |   1 |  203.0 |
        Bailey |    515 |    515 |      0 |     57 |    109 |   1 |  515.0 |
               +--------+--------+--------+--------+--------+-----+--------+

Top non-repeatable levels by time:
     D:5: 1261 daAuts
     D:9: 1207 daAuts
     D:3: 1140 daAuts
     D:8: 1110 daAuts
     D:6: 1108 daAuts
     D:1: 847 daAuts
     D:2: 813 daAuts
    D:10: 767 daAuts
     D:4: 748 daAuts
     D:7: 665 daAuts
  Bailey: 515 daAuts
  Temple: 203 daAuts
